 Dungeon Sprint DCSS version 0.22-a0 (webtiles) character file.

437 Kidiri the Skirmisher (level 6, -1/91 HPs)
             Began as a Draconian Monk on Dec 31, 2017.
             Was a Believer of Wu Jian.
             Slain by a centaur warrior
             ... wielding a cursed +0 shortbow
              (7 damage)
             ... in the Dungeon (Sprint I: "Red Sonja").
             The game lasted 00:03:23 (538 turns).

Kidiri the Skirmisher (Draconian Monk)               Turns: 538, Time: 00:03:24

Health: -1/91      AC:  6    Str: 19    XL:     6   Next: 69%
Magic:  6/6        EV: 16    Int: 10    God:    Wu Jian [**....]
Gold:   311        SH:  0    Dex: 15    Spells: 5/5 levels left

rFire    . . .     SeeInvis .     - Unarmed
rCold    . . .     Gourm    .   (no shield)
rNeg     . . .     Faith    .   (armour unavailable)
rPois    .         Spirit   .   (helmet restricted)
rElec    .         Reflect  .   (no cloak)
rCorr    .         Harm     .   (no gloves)
MR       .....     NoTele   +   (no boots)
Stlth    ..........             (no amulet)
HPRegen  0.25/turn              (no ring)
MPRegen  0.10/turn              (no ring)

@: berserking, very quick
A: unfitting armour, cold-blooded, AC +6
a: Wall jump, Renounce Religion


You were in the Dungeon.
You worshipped Wu Jian.
Wu Jian was pleased with you.
You were not hungry.

You visited 1 branch You collected 311 gold pieces.

Inventory:

Scrolls
 g - a scroll of blinking
 i - a scroll of immolation {unknown}
Potions
 b - a potion of curing
 d - a potion of haste
 e - 2 potions of magic
Comestibles
 a - 2 rations
 h - 4 chunks of flesh


   Skills:
 + Level 7.9 Fighting
 - Level 3.6 Throwing
 * Level 7.0 Dodging
 * Level 7.2 Stealth
 * Level 7.6 Unarmed Combat


You had 5 spell levels left.
You didn't know any spells.

Dungeon Overview and Level Annotations

Branches:
Dungeon (1/1)

Altars:
Cheibriados
Dithmenos
Elyvilon
Fedhas
Gozag
Hepliaklqana
Kikubaaqudgha
Nemelex Xobeh
Okawaru
Qazlal
Ru
Sif Muna
Trog
Uskayaw
Vehumet
Wu Jian
Yredelemnul
Zin
The Shining One

Shops:
D :

Annotations:
D exclusion: door


Innate Abilities, Weirdness & Mutations

Your plain brown scales are hard. (AC +6)
You cannot fit into any form of body armour.
You are cold-blooded and may be slowed by cold attacks.


Message History

The centaur warrior barely misses you. The centaur warrior hits you!
You barely miss the centaur warrior. You tail-slap the centaur warrior.
The centaur warrior is lightly wounded.
You closely miss the centaur warrior.
The centaur warrior is lightly wounded.
The centaur warrior hits you!
* * * LOW HITPOINT WARNING * * *
The centaur warrior barely misses you.
You punch the centaur warrior!
The centaur warrior is moderately wounded.
The centaur warrior hits you!
* * * LOW HITPOINT WARNING * * *
The centaur warrior barely misses you.
You completely miss the centaur warrior.
The centaur warrior is moderately wounded.
The centaur warrior closely misses you.
You barely miss the centaur warrior.
The centaur warrior is moderately wounded.
The centaur warrior hits you with a shortbow!
You die...

#############
#..'..#.)'..#
'[.#.)'..#..+
#####+#####'# ####
####..#...#.####§§#
#__####..##.#§§§§§#
#_____##+#_.§≈§§c.+
#_.∩...+..._#§§§@c#
#_..__##_.#+##+####
#_____###+#.#
####### ###


You could see 2 centaur warriors.

Vanquished Creatures
  Sigmund (D)
  A yak (D)
  An ogre (D)
  A jelly (D)
  Ijyb (D)
5 creatures vanquished.

Notes
Turn   | Place    | Note
-------+----------+-------------------------------------------
     0 | D        | Kidiri the Draconian Monk began the quest for the Orb.
     0 | D        | Reached XP level 1. HP: 19/19 MP: 1/1
     2 | D        | Noticed Ijyb
    44 | D        | Killed Ijyb
    44 | D        | Reached skill level 1 in Throwing
    44 | D        | Reached XP level 2. HP: 18/28 MP: 2/2
   154 | D        | Noticed an ogre
   161 | D        | Killed an ogre
   161 | D        | Reached skill level 5 in Fighting
   161 | D        | Reached skill level 5 in Unarmed Combat
   161 | D        | Reached XP level 3. HP: 35/37 MP: 3/3
   161 | D        | Reached XP level 4. HP: 42/44 MP: 4/4
   177 | D        | Noticed Sigmund
   188 | D        | Killed Sigmund
   188 | D        | Reached XP level 5. HP: 37/52 MP: 5/5
   188 | D        | Reached XP level 6. HP: 43/60 MP: 6/6
   282 | D        | Found an ornate altar of the Wu Jian Council.
   282 | D        | Found a deep blue altar of Sif Muna.
   284 | D        | Found a radiant altar of Vehumet.
   297 | D        | Became a worshipper of the Wu Jian Council
   297 | D        | Reached * piety under Wu Jian
   297 | D        | Reached ** piety under Wu Jian
   446 | D        | Found Zolera's Book Emporium.
   446 | D        | Found an ancient bone altar of Kikubaaqudgha.
   446 | D        | Found a hazy altar of Hepliaklqana.
   446 | D        | Found a stormy altar of Qazlal.
   446 | D        | Found a hide-covered altar of Uskayaw.
   446 | D        | Found a blossoming altar of Fedhas.
   446 | D        | Found a bloodstained altar of Trog.
   446 | D        | Found an iron altar of Okawaru.
   446 | D        | Found a basalt altar of Yredelemnul.
   446 | D        | Found a glowing golden altar of the Shining One.
   446 | D        | Found a snail-covered altar of Cheibriados.
   446 | D        | Found a sacrificial altar of Ru.
   446 | D        | Found a glowing silver altar of Zin.
   446 | D        | Found a shadowy altar of Dithmenos.
   446 | D        | Found a white marble altar of Elyvilon.
   446 | D        | Noticed a yak
   447 | D        | Found an opulent altar of Gozag.
   457 | D        | Killed a yak
   458 | D        | Found a sparkling altar of Nemelex Xobeh.
   526 | D        | Noticed a centaur warrior
   529 | D        | Noticed a centaur warrior
   538 | D        | Slain by a centaur warrior

Vault maps used:
D:        dungeon_sprint_1

Skill      XL: |  1  2  3  4  5  6 |
---------------+-------------------+-----
Fighting       | 4 5 7 |  7.9
Throwing       | 1 2 3 |  3.6
Dodging        | 3 4 6 7 |  7.0
Stealth        | 3 4 6 7 |  7.2
Unarmed Combat | 4 5 6 7 |  7.6

Action                   |  1- 3 |  4- 6 || total
-------------------------+-------+-------++-------
Melee: Unarmed           |    48 |    34 ||    82
       Tailslap          |     5 |     9 ||    14
       Punch             |     1 |       ||     1
Invok: Lunge             |       |     2 ||     2
       Wall jump         |       |     2 ||     2
       Whirlwind         |       |     1 ||     1
  Use: Potion            |       |     2 ||     2
 Stab: Sleeping          |       |     2 ||     2
Armor: Skin              |    11 |     3 ||    14
Dodge: Dodged            |    25 |    23 ||    48

Table legend:
 A = Spawn XP
 B = Non-spawn XP
 C = Spawn XP percentage of total XP
 D = Spawn monster count
 E = Non-spawn monster count
 F = Spawn count percentage of total count
 G = Total turns spent on level
                    A         B        C        D         E        F      G
               +---------+---------+-------+---------+---------+-------+---------
         Total |       0 |     625 |   0.0 |       0 |       5 |   0.0 |   538
               +---------+---------+-------+---------+---------+-------+---------
             D |       0 |     625 |   0.0 |       0 |       5 |   0.0 |   538
               +---------+---------+-------+---------+---------+-------+---------
